 Dungeon Crawl Stone Soup version 0.13-a0-2907-g70ca29e (webtiles) character file.

456 PolkaDot the Ruinous (level 5, 0/30 (33) HPs)
             Began as a Vampire Wizard on Aug 31, 2013.
             Rotted away (potion of mutation)
             ... in a sewer.
             The game lasted 00:19:36 (4477 turns).

PolkaDot the Ruinous (Vampire Wizard)               Turns: 4477, Time: 00:19:36

HP   0/30 (33)   AC  3     Str  6      XL: 5   Next: 78%
MP   5/13        EV 12     Int 21      God:
Gold 218         SH  0     Dex 12      Spells:  2 memorised,  6 levels left

Res.Fire  : . . .   See Invis. : +   u - -1,+0 elf dagger
Res.Cold  : + . .   Warding    : .   a - +0 robe
Life Prot.: + + .   Conserve   : .   (no shield)
Res.Poison: +       Res.Corr.  : .   b - +0 wizard hat
Res.Elec. : .       Clarity    : .   n - +0 cloak
Sust.Abil.: . .     Spirit.Shd : .   (no gloves)
Res.Mut.  : .       Stasis     : .   (no boots)
Res.Rott. : +       Flight     : .   (no amulet)
Saprovore : . . .                    (no ring)
                                     q - ring of poison resistance

@: regenerating slowly, slightly resistant to hostile enchantments, unstealthy
A: fangs 3, see invisible, unbreathing
a: Bat Form


You were in a sewer.
You were thirsty.

You visited 1 branch of the dungeon, and saw 4 of its levels.
You also visited: Sewer.

You collected 198 gold pieces.

Inventory:

Hand weapons
 u - a -1,+0 elven dagger (weapon)
Armour
 a - a +0 robe (worn)
 b - a +0 wizard hat (worn)
 n - a +0 cloak (worn)
Scrolls
 d - a scroll of recharging {unknown}
 e - 9 scrolls of identify {unknown}
 g - a scroll of teleportation {unknown}
 h - a scroll of noise {unknown}
 k - a scroll of enchant weapon II {unknown}
 l - 3 scrolls of remove curse
 o - 2 scrolls of curse weapon {unknown}
 r - 2 scrolls of blinking {unknown}
 t - a scroll of enchant weapon I {unknown}
 v - a scroll of enchant armour {unknown}
Jewellery
 q - a ring of poison resistance (left hand)
Potions
 f - a potion of mutation {unknown}
 i - a potion of slowing {unknown}
 j - a potion of cure mutation {unknown}
 m - a potion of flight {unknown}
 p - a potion of restore abilities {unknown}
 s - a potion of paralysis {unknown}
 w - a potion of curing {unknown}
Books
 c - a book of Minor Magic

   Spells                             Type                      Level
   *Magic Dart                        Conjuration                  1
   Blink                              Translocation                2
   Call Imp                           Summoning                    2
   Repel Missiles                     Charms/Air                   2
   Slow                               Hexes                        2
   *Conjure Flame                     Conjuration/Fire             3
   Mephitic Cloud                     Conjuration/Poison/Air       3


   Skills:
 - Level 2.1 Dodging
 - Level 3.0 Stealth
 - Level 3.0 Spellcasting
 * Level 4.4 Conjurations
   Level 1.0 Summonings
   Level 0.7 Translocations


You had 6 spell levels left.
You knew the following spells:

 Your Spells              Type           Power        Failure   Level  Hunger
a - Magic Dart            Conj           ###.         1%          1    None
s - Conjure Flame         Conj/Fire      ##......     21%         3    ###....


Dungeon Overview and Level Annotations

Branches:
Dungeon (4/27)
 Temple: D:4-7

Altars:

Annotations:
Sewer Kabixx's ghost, average DsWz


Innate Abilities, Weirdness & Mutations

You heal slowly.
You have razor-sharp teeth.*
You have supernaturally acute eyesight.
You can survive without breathing.*


Message History

The magic dart hits Kabixx's ghost.
Kabixx's ghost is moderately damaged.
Kabixx's ghost barely misses you. Kabixx's ghost hits you.
Kabixx's ghost gestures at you while chanting.
The ball explodes into a vile cloud!
The stinking cloud engulfs you!
The stinking cloud engulfs Kabixx's ghost.
Kabixx's ghost gestures at you while chanting.
The magic dart hits you! Kabixx's ghost casts a spell at you.
The ball explodes into a vile cloud!
The stinking cloud engulfs you! Kabixx's ghost casts a spell at you.
The magic dart hits you!
* * * LOW HITPOINT WARNING * * *
Drink which item? (? for menu, Esc to quit)
You feel extremely strange.
Your body decomposes!
* * * LOW HITPOINT WARNING * * *
Your body decomposes!
You die...

..≈.# ≈≈.≈# ≈≈≈≈# ≈≈≈≈# ≈≈≈≈#
≈≈≈.# ≈≈..#
≈≈..#############################
≈≈≈≈≈≈≈≈≈≈≈≈≈≈p≈@≈≈≈≈≈≈......∩.∩.
≈≈.≈#############################
≈≈.## ≈≈. ≈≈≈ ≈≈. ≈≈p ≈ .


You could see Kabixx's ghost.

Vanquished Creatures
  A scorpion (D:4)
  7 adders
  2 giant mites (D:4)
  3 worms
  5 giant geckos
  7 orcs
  5 giant cockroaches
  12 goblins
  8 hobgoblins
  9 jackals
  9 kobolds
  5 quokkas
  A ball python (D:1)
  7 bats
  4 giant newts (D:1)
  A giant newt zombie (D:1)
  A kobold zombie (D:1)
  18 rats
105 creatures vanquished.

Notes
Turn   | Place    | Note
--------------------------------------------------------------
     0 | D:1      | PolkaDot, the Vampire Wizard, began the quest for the Orb.
     0 | D:1      | Reached XP level 1. HP: 11/11 MP: 6/6
   132 | D:1      | Reached skill level 1 in Conjurations
   292 | D:1      | Reached XP level 2. HP: 17/17 MP: 2/8
   838 | D:1      | Reached XP level 3. HP: 22/22 MP: 7/10
  1314 | D:1      | Learned a level 3 spell: Conjure Flame
  2088 | D:2      | Reached XP level 4. HP: 28/28 MP: 4/12
  3276 | D:3      | Reached XP level 5. HP: 33/33 MP: 4/13
  4063 | D:4      | Reached skill level 4 in Conjurations
  4308 | D:4      | Found a glowing drain.
  4325 | Sewer    | Entered a sewer
  4455 | Sewer    | Noticed Kabixx's ghost (average DsWz)
  4477 | Sewer    | Rotted away (potion of mutation)

Action                   |  1- 3 |  4- 6 || total
-------------------------+-------+-------++-------
Melee: Unarmed           |     5 |       ||     5
       Dagger            |       |    29 ||    29
 Cast: Magic Dart        |   120 |   174 ||   294
       Conjure Flame     |     1 |    13 ||    14
  Use: Scroll            |       |     2 ||     2
 Stab: Sleeping          |       |     1 ||     1
